AoeStats
← Shields10

Hideout

510251681Analyzed
1v1 RM · 2d ago on Sep 30, 2026· 47m 39s· 2 players
Game mode
Random Map
Map size
Tiny (2 player)
Population
200
Speed
Normal
Resources
Standard
Victory
Conquest
Starting age
Dark Age
Ending age
Imperial Age
RankedLock teamsTeams togetherTeam positionsShared explorationLock speedFull tech treeHidden civsTurbo modeCheats
Victory
Defeat
🇦🇺 Romans · Australia
1046
+16
🇨🇳 Goths · China
1048
-16
Shields10
7:21 Loom
9:35 Feudal Age
11:41 Man-at-Arms
14:37 Scale Mail Armor
16:11 Wheelbarrow
15:34 Double-Bit Axe
18:29 Fletching
22:00 Castle Age
23:49 Chain Mail Armor
23:30 Bodkin Arrow
23:40 Squires
23:45 Long Swordsman
26:24 Hand Cart
32:07 Forging
38:18 Iron Casting
41:10 Imperial Age
41:46 Legionary
47:38 Heavy Scorpion
动物凶猛
9:59 Feudal Age
11:50 Loom
16:14 Castle Age
14:56 Double-Bit Axe
16:08 Fletching
17:36 Crossbowman
18:21 Horse Collar
18:38 Man-at-Arms
19:24 Squires
26:05 Man-at-Arms
32:27 Imperial Age
29:50 Pikeman
31:25 Wheelbarrow
32:55 Halberdier
33:58 Forging
33:49 Scale Mail Armor
39:58 Chain Mail Armor
40:53 Gold Mining
40:56 Stone Mining
41:26 Hand Cart
41:24 Bodkin Arrow
41:29 Padded Archer Armor
43:38 Bracer
Connection lost

Rejoining the realm…

Still unreachable

The connection could not be restored.

Session expired

The server has moved on; the page needs a fresh start.